 Dungeon Sprint DCSS version 0.31-a0-986-g5e6e4ef867 (webtiles) character file.

Game seed: 2618224546097570028

5 rocky1 the Changeling (level 1, 0/19 HPs)
             Began as an Octopode Shapeshifter on Nov 14, 2023.
             Slain by a gnoll sergeant
             ... wielding a +0 trident
              (12 damage)
             ... in the Dungeon (Sprint IX: "|||||||||||||||||||||||||||||").
             The game lasted 00:00:06 (25 turns).

rocky1 the Changeling (Octopode Shapeshifter)         Turns: 25, Time: 00:00:07

Health: 0/19       AC:  1    Str: 13    XL:     1   Next: 80%
Magic:  1/1        EV: 13    Int: 12    God:
Gold:   0          SH:  0    Dex: 11    Spells: 0/0 levels left

rFire   . .          .
                       - Unarmed
rCold   . . .        (no shield)
rNeg    . . .        (helmet currently unavailable)
rPois   .            (no amulet)
rElec   .            (no ring)
rCorr   .            (no ring)
SInv    .            (no ring)
Will    .....        (no ring) Stlth
                     (no ring)
HPRegen 0.23/turn    (no ring)
MPRegen 0.07/turn    (no ring)
                     (no ring)

%: no teleportation
@: berserking, beast-form, very quick
A: beast (slay +2), almost no armour, amphibious, 8 rings, camouflage 1,
gelatinous body 1, (nimble swimmer 1), tentacles
a: Begin Untransformation


You were in the Dungeon.
You were a hulking beast.
You visited 1 branch

Inventory:

Talismans
 b - a beast talisman
 c - a flux talisman
Scrolls
 i - a scroll of blinking
Potions
 a - a potion of lignification
 d - a potion of curing
 e - a potion of heal wounds
 f - a potion of haste
 g - 2 potions of magic


   Skills:
 + Level 1.0 Fighting
 + Level 2.3 Dodging
 + Level 3.5 Unarmed Combat
 + Level 3.8 Shapeshifting


You couldn't memorise any spells.
You didn't know any spells.
Your spell library was empty.

Dungeon Overview and Level Annotations

Branches:
Dungeon (1/1)

Altars:


Innate Abilities, Weirdness & Mutations

You are a hulking beast.
Your limbs bulge with bestial killing power. (Slay +2)
You cannot wear most types of armour.
You are amphibious.
You can wear up to eight rings at the same time.
Your skin changes colour to match your surroundings (Stealth+).
Your rubbery body absorbs attacks. (AC +1, EV +1)
((You are camouflaged when in or above water. (Stealth+)))
You have tentacles for arms and can constrict up to eight enemies at once.


Message History

A kobold, an endoplasm, a goblin and 2 ball pythons come into view.
The kobold is wielding a +2 dagger of freezing.
The kobold shouts!
The ball python hisses angrily.
The goblin shouts!
The ball python hisses angrily.
The kobold hits you with a +2 dagger of freezing.
The kobold freezes you.
There is an open door to the Dungeon here.
You miss the kobold. Your grab misses the kobold. You squeeze the kobold.
You kill the kobold!
The endoplasm jiggles.
You tentacle-slap the endoplasm.
You kill the endoplasm!
The ball python barely misses you. The ball python grabs you.
The ball python constricts you.
You see here a +2 dagger of freezing.
You tentacle-slap the ball python. You grab the ball python.
You squeeze the ball python.
You kill the ball python!
You bludgeon the goblin!
You kill the goblin!
You tentacle-slap the ball python. Your grab misses the ball python.
You squeeze the ball python.
You kill the ball python!
Items here: ) †††.
You start resting.
HP restored.
You open the door.
A phantom, a gnoll sergeant, a hound, an adder and a scorpion come into view.
Unknown command.
A red film seems to cover your vision as you go berserk!
You feel yourself moving faster!
You feel mighty!
The gnoll sergeant shouts!
The hound barks!
The adder hisses angrily.
You bludgeon the phantom! You tentacle-slap the phantom!
The phantom is severely damaged.
The phantom hits you!
You bludgeon the phantom! Your squeeze misses the phantom.
The phantom is almost destroyed.
The gnoll sergeant hits you from afar with a +0 trident!
Ouch! That really hurt!
You die...

▓.▓
▓.▓
▓.▓
▓'▓
▓)▓
▓)▓
▓.▓
▓.▓
▓h▓
▓W▓
▓g▓
▓h▓
▓S▓
▓.▓
▓s▓
▓+▓


You could see a phantom, a gnoll sergeant, a scorpion, a hound and an adder.

Vanquished Creatures
  An endoplasm (D)
  A goblin (D)
  A kobold (D)
  2 ball pythons (D)
5 creatures vanquished.

Notes
Turn   | Place    | Note
-------+----------+-------------------------------------------
     0 | D        | rocky1 the Octopode Shapeshifter began the quest for the
                  | Orb.
     0 | D        | Reached XP level 1. HP: 13/13 MP: 1/1
    22 | D        | Noticed a phantom
    22 | D        | Noticed a gnoll sergeant
    22 | D        | Noticed a hound
    22 | D        | Noticed a scorpion
    25 | D        | Slain by a gnoll sergeant

Illustrated notes

Levels and vault maps discovered:
D:        linesprint [early_d, line_temple, items_1, d_10, items_2, lair_1,
          lair_end, items_3, orc_1, orc_end, items_4, d_15, swamp_1, shoals_1,
          snake_1, spider_1, d_20, vaults_1, items_5, swamp_end, shoals_end,
          snake_end, spider_end, vaults_end, d_27, items_6, zot_1, zot_end,
          crypt_end, forest_end, elf_end, slime_end, tomb_end, abyss_end,
          pan_hell_end]

Action                     || total
---------------------------++-------
  Melee: Unarmed           ||     7
         Tentacles         ||     3
         Constrict         ||     1
         Punch             ||     1
    Use: Potion            ||     1
 Armour: Skin              ||     3
  Dodge: Dodged            ||     1

Table legend: (Time is in decaauts)
 A = Elapsed time spent in this place.
 B = Non-inter-level travel time spent in this place.
 C = Inter-level travel time spent in this place.
 D = Time resting spent in this place.
 E = Time spent auto-exploring this place.
 F = Levels seen in this place.
 G = Mean time per level.
                   A        B        C        D        E       F      G
               +--------+--------+--------+--------+--------+-----+--------+
         Total |     24 |     24 |      0 |      7 |      0 |   1 |   24.0 |
       Dungeon |     24 |     24 |      0 |      7 |      0 |   1 |   24.0 |
               +--------+--------+--------+--------+--------+-----+--------+

Top non-repeatable levels by time:
       D: 24 daAuts
